 Dungeon Crawl Stone Soup version 0.19.1 (webtiles) character file.

1682 theElss the Destroyer (level 8, 0/47 HPs)
             Began as a High Elf Conjurer on Nov 28, 2016.
             Was an Initiate of Vehumet.
             Slain by Edmund
             ... wielding a +3 flail of protection
              (10 damage)
             ... on level 6 of the Dungeon.
             The game lasted 00:25:27 (7513 turns).

theElss the Destroyer (High Elf Conjurer)           Turns: 7513, Time: 00:25:28

Health: 0/47       AC:  6    Str:  7    XL:     8   Next: 71%
Magic:  8/20       EV: 13    Int: 21    God:    Vehumet [......]
Gold:   199        SH:  5    Dex: 16    Spells: 4 memorised, 10 levels left

rFire  . . .     SeeInvis .     e - +0 morningstar (crush)
rCold  . . .     Gourm    .     u - +2 animal skin
rNeg   . . .     Faith    .     D - +0 buckler (curse)
rPois  +         Spirit   .     v - +0 helmet
rElec  .         Reflect  .     (no cloak)
rCorr  .         Harm     .     q - +0 pair of gloves
MR     .....                    (no boots)
Stlth  +.........               (no amulet)
                                p - ring of poison resistance (curse)
                                w - ring of loudness (curse)

@: no status effects
A: no striking features
a: Renounce Religion


You were on level 6 of the Dungeon.
You worshipped Vehumet.
Vehumet was noncommittal.
You were not hungry.

You visited 2 branches of the dungeon, and saw 7 of its levels.

You collected 199 gold pieces.

Inventory:

Hand Weapons
 d - a +0 mace
 e - a +0 morningstar of crushing (weapon)
Armour
 q - a +0 pair of gloves (worn)
 u - a +2 animal skin (worn)
 v - a +0 helmet (worn)
 D - a cursed +0 buckler (worn)
Jewellery
 a - an uncursed ring of resist corrosion
 h - an uncursed ring of stealth
 p - a cursed ring of poison resistance (right hand)
 s - an uncursed ring of magical power
 w - a cursed ring of loudness (left hand)
Wands
 n - a wand of disintegration (10/24)
 t - a wand of enslavement (8/24)
Scrolls
 f - a scroll of remove curse {unknown}
 l - 3 scrolls of magic mapping
 o - 3 scrolls of amnesia
 x - a scroll of recharging {unknown}
 y - 2 scrolls of teleportation {unknown}
 B - a scroll of fog {unknown}
 F - 2 scrolls of blinking {unknown}
Potions
 g - 2 potions of berserk rage {unknown}
 k - a potion of brilliance {unknown}
 m - a potion of magic {unknown}
 r - 6 potions of curing
 z - 2 potions of cure mutation {unknown}
 A - a potion of haste {unknown}
 H - a potion of flight {unknown}
Books
 b - a book of Conjurations

   Spells                             Type                      Level
   a - Magic Dart                     Conjuration                  1
   b - Searing Ray                    Conjuration                  2
   c - Dazzling Spray                 Conjuration/Hexes            3
   d - Fulminant Prism                Conjuration/Hexes            4
   e - Iskenderun's Mystic Blast      Conjuration                  4
   f - Iskenderun's Battlesphere      Conjuration/Charms           5
 C - a book of Cantrips

   Spells                             Type                      Level
   a - Confusing Touch                Hexes                        1
   b - Animate Skeleton               Necromancy                   1
   c - Summon Small Mammal            Summoning                    1
   d - Apportation                    Translocation                1
 E - a book of Misfortune

   Spells                             Type                      Level
   a - Confusing Touch                Hexes                        1
   b - Confuse                        Hexes                        3
   c - Gell's Gravitas                Hexes/Translocation          3
   d - Petrify                        Transmutation/Earth          4
   e - Metabolic Englaciation         Hexes/Ice                    5
   f - Yara's Violent Unravelling     Hexes/Transmutation          5
Comestibles
 c - 5 bread rations
 i - a chunk of flesh
 j - 2 meat rations


   Skills:
 * Level 0.8 Fighting
 * Level 2.3 Dodging
 - Level 2.1 Stealth
 - Level 5.3 Shields
 + Level 7.5 Spellcasting
 + Level 8.5 Conjurations


You had 10 spell levels left.
You knew the following spells:

 Your Spells              Type           Power        Failure   Level  Hunger
a - Magic Dart            Conj           ####         1%          1    None
b - Iskenderun's Battles  Conj/Chrm      ####....     41%         5    #####..
c - Searing Ray           Conj           #####.       1%          2    None
d - Iskenderun's Mystic   Conj           #####...     2%          4    ###....


Dungeon Overview and Level Annotations

Branches:
Dungeon (6/15)             Temple (1/1) D:4

Altars:
Ashenzari
Dithmenos
Elyvilon
Fedhas
Gozag
Hepliaklqana
Kikubaaqudgha
Makhleb
Nemelex Xobeh
Qazlal
Ru
Trog
Vehumet
Xom
Yredelemnul
The Shining One

Annotations:
D:4 Sigmund
D:6 Edmund


Message History

Casting: Searing Ray
Confirm with . or Enter, or press ? or * to list all spells.
Aiming: Iskenderun's Mystic Blast
Press: ? - help, Shift-Dir - straight line, f - Edmund
Aim: Edmund, wielding a flail of protection and wearing a ring mail (moderately wounded)
The orb of energy hits Edmund.
Edmund is heavily wounded.
Edmund hits you with a flail of protection!
* * * LOW HITPOINT WARNING * * *
Unknown command.
Casting: Iskenderun's Mystic Blast
Confirm with . or Enter, or press ? or * to list all spells.
Aiming: Iskenderun's Mystic Blast
Press: ? - help, Shift-Dir - straight line, f/p - Edmund
Aim: Edmund, wielding a flail of protection and wearing a ring mail (heavily wounded)
The orb of energy hits Edmund.
Edmund is severely wounded.
The orb of energy explodes!
Edmund hits you with a flail of protection!
You die...

.. .#######...# # ..
...........# #. #.
.########..## #.#.###.
#..# ##..... #..#
#.....# #..# #.####
#..# #....#######..#
#..###.....@@......#
#.....##.########.####
########.# #...># #.#
####.# #########.# #.#
..........# #.#
######.### #.# #.# #.#
#.# #.#


You could see Edmund.

Vanquished Creatures
  The ghost of Alarkh the Grave Robber, an amateur DDNe (D:4)
  Duvessa (D:4)
  3 ice beasts
  3 centaurs (D:5)
  A bullfrog (D:6)
  Dowan (D:4)
  2 scorpions
  A water moccasin skeleton (D:4)
  A crimson imp (D:4)
  5 hounds
  2 orc priests
  2 orc wizards (D:4)
  Jessica (D:2)
  2 iguanas (D:4)
  Ijyb (D:3)
  A worker ant (D:4)
  A hound skeleton (D:4)
  A worker ant zombie (D:6)
  Robin (D:2)
  3 gnolls
  7 adders
  A shadow imp (D:5)
  An ooze (D:6)
  5 worms
  3 leopard geckos
  14 orcs
  4 giant cockroaches
  13 goblins
  9 hobgoblins
  6 jackals
  8 kobolds
  3 quokkas
  13 bats
  6 frilled lizards
  A jackal skeleton (D:4)
  A leopard gecko skeleton (D:4)
  7 rats
136 creatures vanquished.

Notes
Turn   | Place    | Note
-------+----------+-------------------------------------------
     0 | D:1      | theElss the High Elf Conjurer began the quest for the Orb.
     0 | D:1      | Reached XP level 1. HP: 11/11 MP: 4/4
   251 | D:1      | Reached XP level 2. HP: 4/17 MP: 0/6
   701 | D:1      | Reached skill level 5 in Conjurations
   890 | D:1      | Learned a level 2 spell: Searing Ray
  1008 | D:2      | Noticed Jessica
  1062 | D:2      | Killed Jessica
  1062 | D:2      | Reached XP level 3. HP: 21/21 MP: 5/8
  1171 | D:2      | Noticed Robin
  1675 | D:2      | Killed Robin
  1675 | D:2      | Reached skill level 6 in Conjurations
  1675 | D:2      | Reached XP level 4. HP: 27/27 MP: 1/9
  2183 | D:2      | Found a basalt altar of Yredelemnul.
  2267 | D:2      | Found a shadowy altar of Dithmenos.
  2846 | D:3      | Reached XP level 5. HP: 31/31 MP: 6/11
  2932 | D:3      | Noticed Ijyb
  2953 | D:3      | Killed Ijyb
  3377 | D:2      | Noticed a phantom
  3532 | D:3      | Noticed a moth of wrath
  3740 | D:3      | Found a bloodstained altar of Trog.
  3870 | D:3      | Reached skill level 7 in Conjurations
  3879 | D:3      | Reached XP level 6. HP: 36/36 MP: 5/13
  4058 | D:4      | Noticed Duvessa
  4058 | D:4      | Noticed Dowan
  4276 | D:4      | Noticed Sigmund
  4366 | D:4      | Reached skill level 5 in Spellcasting
  4657 | D:4      | Noticed Alarkh's ghost (amateur DDNe)
  4680 | D:4      | Killed Alarkh's ghost
  4680 | D:4      | Reached XP level 7. HP: 37/41 MP: 10/17
  4720 | D:4      | Killed Dowan
  4829 | D:4      | Reached skill level 8 in Conjurations
  4957 | D:4      | Killed Duvessa
  5181 | D:4      | Learned a level 5 spell: Iskenderun's Battlesphere
  5188 | D:4      | Learned a level 4 spell: Iskenderun's Mystic Blast
  5234 | D:4      | Found a staircase to the Ecumenical Temple.
  5252 | Temple   | Entered the Ecumenical Temple
  5452 | Temple   | Became a worshipper of Vehumet
  5527 | D:4      | Found a sparkling altar of Nemelex Xobeh.
  5657 | D:5      | Entered Level 5 of the Dungeon
  5755 | D:5      | Reached skill level 1 in Shields
  5832 | D:5      | Reached XP level 8. HP: 30/46 MP: 12/19
  7022 | D:6      | Reached skill level 5 in Shields
  7500 | D:6      | Noticed Edmund
  7513 | D:6      | Slain by Edmund

Skill      XL: |  1  2  3  4  5  6  7  8 |
---------------+-------------------------+-----
Conjurations   | 5 6 7 8 |  8.5
Spellcasting   | 3 4 6 7 |  7.5
Shields        | 2 5 |  5.3
Fighting       | |  0.8
Dodging        | |  2.3
Stealth        | |  2.1

Action                   |  1- 3 |  4- 6 |  7- 9 || total
-------------------------+-------+-------+-------++-------
Melee: Mace              |    13 |     2 |       ||    15
       Morningstar       |       |       |     6 ||     6
 Cast: Magic Dart        |    50 |   118 |    88 ||   256
       Searing Ray       |     2 |    19 |    20 ||    41
       Iskenderun's Myst |       |       |     5 ||     5
  Use: Scroll            |       |       |     5 ||     5
  Eat: Chunk             |     2 |    10 |     6 ||    18
       Meat ration       |       |       |     1 ||     1
Armor: Robe              |     2 |       |       ||     2
       Animal skin       |       |    15 |    14 ||    29
Dodge: Dodged            |    19 |    16 |    34 ||    69
Block: Buckler           |       |       |     9 ||     9
